 Dungeon Crawl Stone Soup version 0.21.1-1-g345015fe64 (webtiles) character file.

434 RepoMan the Stinger (level 7, -8/55 HPs)
             Began as a Naga Venom Mage on July 6, 2018.
             Mangled by a wight
             ... wielding a +0 halberd
              (13 damage)
             ... on level 6 of the Dungeon.
             The game lasted 00:20:26 (3169 turns).

RepoMan the Stinger (Naga Venom Mage)               Turns: 3169, Time: 00:20:26

Health: -8/55      AC:  3    Str: 10    XL:     7   Next: 0%
Magic:  9/12       EV: 10    Int: 17    God:
Gold:   166        SH:  0    Dex: 14    Spells: 3/13 levels left

rFire    . . .     SeeInvis +   (no weapon)
rCold    . . .     Gourm    .   (no shield)
rNeg     . . .     Faith    .   a - +0 robe
rPois    +         Spirit   .   (no helmet)
rElec    .         Reflect  .   (no cloak)
rCorr    .         Harm     .   (no gloves)
MR       .....                  (no barding)
Stlth    +++.......             (no amulet)
HPRegen  0.18/turn              (no ring)
MPRegen  0.13/turn              (no ring)

@: short of breath, drained, very slow
A: large, thin skeletal structure 1, see invisible, deformed body, poison
resistance, screaming 1, slowness 2, slow metabolism 1, spit poison 2, AC +2
a: Breathe Poison Gas


You were on level 6 of the Dungeon.
You were hungry.

You visited 1 branch of the dungeon, and saw 6 of its levels.

You collected 166 gold pieces.

Inventory:

Armour
 a - a +0 robe (worn)
Jewellery
 m - an uncursed ring of protection from cold
 o - an uncursed ring of protection from fire {unknown}
Scrolls
 d - a scroll of noise
 j - 2 scrolls of teleportation
 n - 3 scrolls of identify
 q - a scroll of immolation
Books
 b - a Young Poisoner's Handbook

   Spells                             Type                      Level
   a - Sting                          Conjuration/Poison           1
   b - Poisonous Vapours              Poison/Air                   2
   c - Mephitic Cloud                 Conjuration/Poison/Air       3
   d - Olgreb's Toxic Radiance        Poison                       4
   e - Venom Bolt                     Conjuration/Poison           5
Comestibles
 c - 6 rations
 f - 5 chunks of flesh


   Skills:
 - Level 1.5(1.3) Dodging
 - Level 3.0(2.7) Stealth
 - Level 0.1(0.0) Unarmed Combat
 + Level 3.5(3.3) Spellcasting
 + Level 3.3(3.1) Conjurations
 * Level 7.8(7.5) Poison Magic


You had 3 spell levels left.
You knew the following spells:

 Your Spells              Type           Power        Failure   Level  Hunger
a - Sting                 Conj/Pois      ###.         1%          1    None
m - Mephitic Cloud        Conj/Pois/Air  ##......     12%         3    ###....
o - Olgreb's Toxic Radia  Pois           ####....     8%          4    ####...
v - Poisonous Vapours     Pois/Air       ###...       5%          2    ##.....


Dungeon Overview and Level Annotations

Branches:
Dungeon (6/15)
 Temple: D:4-7

Altars:
Sif Muna

Annotations:
D:1 1 runed door
D:3 JarielCorvus's ghost, amateur DEFE
D:4 Gargoyl's ghost, amateur CeAK
D:5 Emandoog's ghost, novice MiFi


Innate Abilities, Weirdness & Mutations

You cannot wear boots.
Your serpentine skin is tough. (AC +2)
You have supernaturally acute eyesight. (SInv)
Armour fits poorly on your strangely shaped body.
Your system is resistant to poisons. (rPois)
You cover ground very slowly.
You have a slow metabolism.
You can exhale a cloud of poison.
You have a somewhat thin skeletal structure. (Dex +2, Stealth)
You occasionally shout uncontrollably at your foes.


Message History

As you read the scroll labeled JIOZAI MOSSAOMUDO, it crumbles to dust.
The creatures around you are filled with an inner flame!
It was a scroll of immolation.
The wight hits you but does no damage. x2
As you read the scroll labeled ZUBY EMNAAROSS, it crumbles to dust.
It is a scroll of identify.
m - an uncursed ring of protection from cold The wight hits you but does no damage. x3
You aren't carrying any items that you can evoke.
You hit the wight.
The wight is lightly damaged.
The wight hits you but does no damage. x2
You hit the wight.
The wight is heavily damaged.
You feel less wooden.
Your +0 robe unmelds from your body.
The wight hits you from afar with an enchanted halberd.
* * * LOW HITPOINT WARNING * * *
You feel drained.
The wight hits you from afar with a halberd!
You die...

#......#.##.###...#
#)#......##.# ##.##
#.####.####.####.####.#
#.........#.##......#.#
######.##.#.##.#.##.#(#
#.......#.#.##.#.#####.
####...................
#......#.##..#####..
###@##...##..#
#z##.......#


zgz# #####.# #.g.# #.. #...# ### #.... #...# ..... You could see 3 wights and 2
gnolls.

Vanquished Creatures
  2 wights (D:6)
  A hound (D:3)
  A gnoll shaman (D:5)
  2 orc wizards (D:4)
  2 iguanas
  Terence (D:2)
  A worker ant (D:5)
  5 gnolls (D:5)
  2 adders
  A shadow imp (D:5)
  2 worms
  2 dart slugs
  A leopard gecko (D:4)
  5 orcs (D:6)
  A giant cockroach (D:2)
  3 goblins
  4 hobgoblins
  3 jackals (D:5)
  A ball python (D:1)
  7 bats
  2 frilled lizards
  3 kobolds
  5 rats
57 creatures vanquished.

Notes
Turn   | Place    | Note
-------+----------+-------------------------------------------
     0 | D:1      | RepoMan the Naga Venom Mage began the quest for the Orb.
     0 | D:1      | Reached XP level 1. HP: 15/15 MP: 3/3
     1 | D:1      | Found a runed door.
   361 | D:1      | Reached XP level 2. HP: 22/22 MP: 3/5
   386 | D:1      | Learned a level 2 spell: Poisonous Vapours
  1193 | D:2      | Reached skill level 5 in Poison Magic
  1201 | D:2      | Reached XP level 3. HP: 28/28 MP: 4/6
  1400 | D:2      | Noticed Terence
  1405 | D:2      | Killed Terence
  1405 | D:2      | Reached XP level 4. HP: 36/36 MP: 1/7
  1467 | D:2      | Learned a level 4 spell: Olgreb's Toxic Radiance
  1905 | D:3      | Noticed JarielCorvus's ghost (amateur DEFE)
  1916 | D:4      | Reached skill level 6 in Poison Magic
  1937 | D:4      | Found a deep blue altar of Sif Muna.
  1971 | D:4      | Reached XP level 5. HP: 34/42 MP: 1/9
  2220 | D:4      | Learned a level 3 spell: Mephitic Cloud
  2263 | D:4      | Noticed Gargoyl's ghost (amateur CeAK)
  2284 | D:5      | Entered Level 5 of the Dungeon
  2289 | D:5      | Reached XP level 6. HP: 25/49 MP: 4/10
  2628 | D:5      | Reached skill level 7 in Poison Magic
  2994 | D:5      | Noticed Emandoog's ghost (novice MiFi)
  3155 | D:6      | Reached XP level 7. HP: 29/55 MP: 12/12
  3157 | D:6      | Gained mutation: You have a somewhat thin skeletal structure. (Dex +2, Stealth) [potion of mutation]
  3157 | D:6      | Gained mutation: You occasionally shout uncontrollably at your foes. [potion of mutation]
  3157 | D:6      | Gained mutation: You can exhale a cloud of poison. [potion of mutation]
  3169 | D:6      | Mangled by a wight

Skill      XL: |  1  2  3  4  5  6 |
---------------+-------------------+-----
Poison Magic   | 5 6 7 |  7.8
Conjurations   | 2 3 |  3.3
Spellcasting   | 3 |  3.5
Dodging        | |  1.5
Stealth        | |  3.0
Unarmed Combat | |  0.1

Action                   |  1- 3 |  4- 6 |  7- 9 || total
-------------------------+-------+-------+-------++-------
Melee: Unarmed           |     5 |    29 |     4 ||    38
 Cast: Sting             |    35 |    31 |       ||    66
       Poisonous Vapours |     2 |    16 |       ||    18
       Olgreb's Toxic Ra |       |     1 |     1 ||     2
 Abil: Spit Poison       |    15 |    15 |       ||    30
       Breathe Poison Ga |       |       |     1 ||     1
  Use: Potion            |       |     6 |     1 ||     7
       Scroll            |       |       |     7 ||     7
  Eat: Chunk             |     2 |     3 |       ||     5
       Ration            |       |     1 |       ||     1
Armor: Robe              |     1 |     8 |       ||     9
       Skin              |       |    67 |    25 ||    92
Dodge: Dodged            |    13 |    22 |     1 ||    36
